 Dungeon Crawl Stone Soup version 0.26.1-11-gd32895ea62 (webtiles) character file.

Game seed: 14436100413058977403

35727 GenialerGandalf the Severer (level 13, -1/117 HPs)
             Began as a Minotaur Berserker on May 26, 2021.
             Was a High Priest of Trog.
             Slain by a yak (4 damage)
             ... while petrified by a catoblepas
             ... on level 5 of the Lair of Beasts.
             The game lasted 01:17:03 (21201 turns).

GenialerGandalf the Severer (Minotaur Berserker)   Turns: 21201, Time: 01:17:04

Health: -1/117     AC: 18    Str: 26    XL:     13   Next: 49%
Magic:  21/21      EV:  2    Int:  4    God:    Trog [*****.]
Gold:   709        SH:  0    Dex: 11    Spells: 12/12 levels left

rFire    . . .     SeeInvis .   a - +8 broad axe
rCold    + . .     Faith    .   m - +0 kite shield
rNeg     + + +     Spirit   .   K - +1 plate armour
rPois    ∞         Reflect  +   (helmet restricted)
rElec    .         Harm     .   (no cloak)
rCorr    .         Rampage  .   o - +1 pair of gloves
Will     .....                  (no boots)
Stlth    ..........             A - amulet of reflection
HPRegen  0.29/turn              p - ring of protection from cold
MPRegen  0.17/turn              r - ring of magical power

@: lethally poisoned (-1 -> -1), petrified, berserk cooldown, slowed
A: retaliatory headbutt, horns 2
a: Renounce Religion, Berserk, Trog's Hand, Brothers in Arms


You were on level 5 of the Lair of Beasts.
You worshipped Trog.
Trog was extremely pleased with you.
You visited 2 branches of the dungeon, and saw 17 of its levels.
You also visited: Gauntlet.

You collected 1371 gold pieces.
You spent 662 gold pieces at shops.

Inventory:

Hand Weapons
 a - a +8 broad axe (weapon)
 b - a +6 hand axe of flaming
 F - a +3 antimagic hand axe
 H - a +3 antimagic demon blade
Missiles
 q - 5 boomerangs of dispersal
 D - 3 throwing nets
 J - 29 silver javelins
Armour
 m - a +0 kite shield (worn)
 o - a +1 pair of gloves (worn)
 x - a +3 scale mail of positive energy
 G - a scarf of harm
 K - a +1 plate armour (worn)
Jewellery
 p - a ring of protection from cold (left hand)
 r - a ring of magical power (right hand)
 A - an amulet of reflection (around neck)
 B - an uncursed amulet of regeneration
 Q - an uncursed ring of ice
Wands
 d - a wand of iceblast (8)
 s - a wand of disintegration (18)
 E - a wand of digging (8)
 N - a wand of polymorph (6)
 R - a wand of flame (20)
Scrolls
 k - 18 scrolls of remove curse
 t - a scroll of blinking
 u - 2 scrolls of fog
 y - 4 scrolls of magic mapping
 C - 7 scrolls of teleportation
 M - 2 scrolls of vulnerability
 O - a scroll of summoning
 P - 3 scrolls of fear
 S - a scroll of identify
Potions
 c - 3 potions of haste
 e - 5 potions of flight
 f - 4 potions of lignification
 g - 4 potions of might
 h - 5 potions of berserk rage
 i - a potion of magic
 j - 8 potions of curing
 l - 3 potions of heal wounds
 n - 2 potions of cancellation
 v - 5 potions of mutation
 w - a potion of ambrosia
 z - 3 potions of brilliance
 I - a potion of attraction
 L - a potion of invisibility
 T - a potion of degeneration {unknown}


   Skills:
 * Level 11.8 Fighting
 * Level 16.8 Axes
 * Level 11.6 Armour
 * Level 9.1 Dodging
 * Level 11.2 Shields


You had 12 spell levels left.
You didn't know any spells.
Your spell library was empty.

Dungeon Overview and Level Annotations

Branches:
Dungeon (12/15)            Temple (0/1) D:6            Lair (5/6) D:11
  Swamp (0/4) Lair:3       Spider (0/4) Lair:2          Orc (0/2) D:12
Gauntlet (visited)
  Slime: Lair:5-6

Altars:
Ashenzari
Dithmenos
Elyvilon
Fedhas
Makhleb
Okawaru
Ru
Trog
Uskayaw
Vehumet
Wu Jian
Xom
The Shining One
Jiyva

Shops:
D:4 =   D:5 ?   D:11 *

Annotations:
D:12 2 transporters


Innate Abilities, Weirdness & Mutations

You reflexively headbutt those who attack you in melee.
You have a pair of horns on your head.


Message History

The black mamba is no longer petrified.
The yak gores you but does no damage.
The catoblepas gores you but does no damage.
The death yak gores you! The yak barely misses you. The blink frog hits you.
The yak gores you. The yak gores you but does no damage.
The catoblepas gores you. The death yak gores you!
The death yak gores you but does no damage.
The yak gores you but does no damage. The blink frog hits you.
The yak gores you. The yak gores you! The catoblepas gores you!!
* * * LOW HITPOINT WARNING * * *
The blink frog hits you but does no damage.
The death yak gores you!
* * * LOW HITPOINT WARNING * * *
The death yak gores you!!
* * * LOW HITPOINT WARNING * * *
The yak gores you but does no damage. The blink frog hits you!
* * * LOW HITPOINT WARNING * * *
The yak gores you but does no damage. The yak gores you!
You die...

.. #...........P .. ...
#.........PP# ..
...#####.......PP## ..
≈≈≈≈≈≈≈...........# #.
≈≈≈≈≈♣♣..........P# #.
≈≈≈≈≈≈♣♣..†......# #
P≈≈≈≈≈†.YYS......#
≈≈P♣♣##l#YFY††...### #
##YY@Y...###.#
#..YYY.......###
#.#.............###
#....F..........#P#####
#..............<....#.#.
..#............##P......
. .P............#.......
.......................
....................


You could see 2 death yaks, a catoblepas, a komodo dragon (petrified), a black
mamba, 7 yaks and 2 blink frogs.

Vanquished Creatures
  A minotaur (Gauntlet)
  Harold (D:9)
  3 hydras
  A death yak (Lair:5)
  A necromancer (Gauntlet)
  A deep elf mage (D:12)
  3 oklob plants
  A cyclops (D:11)
  6 elephants (Lair:5)
  An ugly thing (D:11)
  A black mamba (Lair:3)
  10 cane toads
  A smoke demon (Gauntlet)
  A gargoyle (D:12)
  3 rime drakes
  8 komodo dragons
  A red devil (Gauntlet)
  2 tengu conjurers (D:11)
  A polar bear (Lair:5)
  A queen bee (Gauntlet)
  4 slime creatures (D:11)
  5 blink frogs
  2 shadows (D:11)
  3 basilisks
  25 yaks
  5 vampire mosquitoes
  Eustachio (D:6)
  A steam dragon (Lair:2)
  2 wargs
  3 acid dragons
  9 water moccasins
  5 orc warriors
  An eye of draining (D:9)
  5 sky beasts
  3 phantoms
  3 black bears
  A necrophage (D:9)
  6 centaurs
  27 wolves
  7 ogres
  2 big kobolds
  19 bullfrogs
  A water moccasin zombie (D:10)
  5 scorpions
  23 killer bees
  9 wights
  6 howler monkeys
  An electric eel (Lair:5)
  2 bullfrog zombies
  8 crimson imps
  2 quasits
  10 orc priests
  2 centaur skeletons
  6 hounds
  2 jellies
  A bullfrog skeleton (D:8)
  4 iguanas
  Natasha (thrice) (D:2)
  19 orc wizards
  12 worker ants
  2 killer bee zombies
  A hound zombie (D:5)
  A hound skeleton (D:7)
  A worker ant zombie (D:6)
  A howler monkey skeleton (D:6)
  12 adders
  19 gnolls
  A shadow imp (D:5)
  A white imp (D:7)
  An ooze (D:2)
  2 adder skeletons (D:4)
  An adder zombie (D:6)
  3 worms
  3 dart slugs
  8 leopard geckos
  60 orcs
  A ball python (D:11)
  6 giant cockroaches
  8 goblins
  6 hobgoblins
  10 jackals
  4 quokkas
  10 bats
  6 frilled lizards
  A jackal zombie (D:7)
  24 kobolds
  3 quokka skeletons
  A quokka zombie (D:6)
  6 rats
506 creatures vanquished.

Vanquished Creatures (others)
  A leopard gecko (D:9)
  A kobold (D:11)
  21 demonic plants (Gauntlet)
  15 fungi
  50 plants
88 creatures vanquished.

Grand Total: 594 creatures vanquished

Notes
Turn   | Place    | Note
-------+----------+-------------------------------------------
     0 | D:1      | GenialerGandalf the Minotaur Berserker began the quest for
                  | the Orb.
     0 | D:1      | Reached XP level 1. HP: 19/19 MP: 0/0
    80 | D:1      | Reached skill level 4 in Axes
    80 | D:1      | Reached XP level 2. HP: 27/27 MP: 1/1
   195 | D:1      | Reached XP level 3. HP: 22/33 MP: 2/2
   375 | D:1      | Reached ** piety under Trog
   579 | D:2      | Found a sacrificial altar of Ru.
   700 | D:2      | Found a broken altar of Ashenzari.
   759 | D:2      | Noticed a bullfrog
   763 | D:2      | Killed a bullfrog
   764 | D:2      | Reached XP level 4. HP: 41/41 MP: 3/3
   780 | D:2      | Reached skill level 5 in Axes
   821 | D:2      | Reached skill level 5 in Fighting
   821 | D:2      | Reached XP level 5. HP: 25/48 MP: 4/4
  1478 | D:2      | Noticed Natasha
  1484 | D:2      | Killed Natasha
  1556 | D:2      | Found an iron altar of Okawaru.
  1676 | D:2      | You fall into a shaft and drop 1 floor!
  1780 | D:2      | Noticed Natasha
  1782 | D:2      | Killed Natasha
  1803 | D:2      | Noticed Natasha
  1811 | D:2      | Killed Natasha
  2005 | D:2      | Reached skill level 6 in Axes
  2168 | D:3      | Reached XP level 6. HP: 55/56 MP: 5/5
  2224 | D:3      | Reached *** piety under Trog
  2343 | D:3      | Found a white marble altar of Elyvilon.
  3542 | D:4      | Reached skill level 7 in Axes
  3542 | D:4      | Reached skill level 1 in Shields
  3542 | D:4      | Reached XP level 7. HP: 58/62 MP: 6/6
  4004 | D:4      | Reached **** piety under Trog
  4025 | D:4      | Reached skill level 5 in Armour
  4265 | D:4      | Found Uwe Ful's Jewellery Emporium.
  4657 | D:5      | Entered Level 5 of the Dungeon
  4716 | D:5      | Reached skill level 8 in Axes
  4716 | D:5      | Reached XP level 8. HP: 23/70 MP: 7/7
  4974 | D:5      | Found a shimmering altar of Xom.
  4979 | D:5      | Found Xickoimo's Magic Scroll Shoppe.
  5009 | D:5      | Bought a scroll of blinking for 97 gold pieces
  5319 | D:5      | Bought 3 scrolls of identify for 78 gold pieces
  5319 | D:5      | Bought a scroll of enchant armour for 97 gold pieces
  6382 | D:6      | Reached skill level 9 in Axes
  6448 | D:6      | Noticed Eustachio
  6457 | D:6      | Killed Eustachio
  6467 | D:6      | Reached skill level 5 in Dodging
  6561 | D:6      | Reached XP level 9. HP: 78/78 MP: 8/8
  6722 | D:6      | Found a hide-covered altar of Uskayaw.
  6749 | D:6      | Found a blossoming altar of Fedhas.
  7040 | D:6      | Found a staircase to the Ecumenical Temple.
  7967 | D:7      | Reached skill level 10 in Axes
  8015 | D:7      | Reached skill level 5 in Shields
  8036 | D:7      | Reached ***** piety under Trog
  8199 | D:7      | Found an ornate altar of the Wu Jian Council.
  8199 | D:7      | Found a glowing golden altar of the Shining One.
  8243 | D:7      | Found a burning altar of Makhleb.
  8261 | D:7      | Found a bloodstained altar of Trog.
  8339 | D:7      | Received a gift from Trog
  8797 | D:4      | Bought an uncursed amulet of reflection for 390 gold pieces
  8977 | D:7      | Found a radiant altar of Vehumet.
  8984 | D:7      | Found a shadowy altar of Dithmenos.
  9260 | D:8      | Found a broken altar of Ashenzari.
  9329 | D:8      | Reached skill level 11 in Axes
  9504 | D:8      | Reached XP level 10. HP: 88/88 MP: 9/9
  9830 | D:8      | Found a bloodstained altar of Trog.
 10108 | D:9      | Noticed Harold
 10129 | D:9      | Killed Harold
 10410 | D:9      | Reached skill level 12 in Axes
 10553 | D:9      | Received a gift from Trog
 10813 | D:10     | Entered Level 10 of the Dungeon
 11293 | D:11     | Found Yrub's Serpentskin Sales.
 11359 | D:11     | Found a gate leading to a gauntlet.
 11366 | Gauntlet | Entered a Gauntlet
 11366 | Gauntlet | Found a transporter.
 11366 | Gauntlet | Found a transporter.
 11366 | Gauntlet | Noticed a thrashing horror
 11366 | Gauntlet | Noticed a smoke demon
 11652 | Gauntlet | Found a transporter.
 11668 | Gauntlet | Found a transporter.
 11674 | Gauntlet | Found a transporter.
 11675 | Gauntlet | Noticed a necromancer
 11676 | Gauntlet | Found a transporter.
 11688 | Gauntlet | Noticed a reaper
 11694 | Gauntlet | Found a transporter.
 11694 | Gauntlet | Found a transporter.
 11713 | Gauntlet | Found a transporter.
 11717 | Gauntlet | Found a transporter.
 11772 | Gauntlet | Found a transporter.
 11799 | Gauntlet | Found a transporter.
 11799 | Gauntlet | Noticed an oklob plant
 12091 | Gauntlet | Killed a smoke demon
 12184 | Gauntlet | Reached skill level 13 in Axes
 12184 | Gauntlet | Reached XP level 11. HP: 97/97 MP: 10/10
 12515 | Gauntlet | Received a gift from Trog
 12780 | Gauntlet | Killed an oklob plant
 12838 | Gauntlet | Killed a necromancer
 12875 | Gauntlet | Noticed a minotaur
 12891 | Gauntlet | Killed a minotaur
 12933 | Gauntlet | Identified Juidim's Reference Book on Evil Ignition
 13021 | D:11     | Found a staircase to the Lair.
 13026 | D:11     | Noticed an oklob plant
 13068 | D:11     | Noticed an oklob plant
 13083 | D:11     | Noticed a white ugly thing
 13097 | D:11     | Killed a white ugly thing
 13299 | D:11     | Killed an oklob plant
 13300 | D:11     | Reached skill level 14 in Axes
 13309 | D:11     | Killed an oklob plant
 13742 | D:11     | Found a transporter.
 13742 | D:11     | Found a transporter.
 13744 | D:11     | Found a viscous altar of Jiyva.
 13823 | D:11     | Reached skill level 10 in Fighting
 13870 | D:11     | Got a scorched ivory ring
 13872 | D:11     | Identified the ring "Pevem" {Wiz Will- Dex+7 Stlth+} (You
                  | found it on level 11 of the Dungeon)
 14322 | D:12     | Found a transporter.
 14349 | D:12     | Found a transporter.
 14485 | D:12     | Noticed a deep elf mage
 14491 | D:12     | Killed a deep elf mage
 14656 | D:12     | Found a staircase to the Orcish Mines.
 14912 | D:12     | Reached XP level 12. HP: 106/106 MP: 11/11
 15358 | D:12     | Received a gift from Trog
 15907 | D:12     | Reached skill level 10 in Armour
 15918 | D:12     | Reached skill level 15 in Axes
 16252 | Lair:1   | Entered Level 1 of the Lair of Beasts
 17327 | Lair:2   | Found a hole to the Spider Nest.
 17525 | Lair:2   | You fall into a shaft and drop 2 floors!
 18034 | Lair:3   | Reached skill level 10 in Shields
 18351 | Lair:2   | Reached skill level 16 in Axes
 18589 | Lair:2   | Noticed an eight-headed hydra
 18744 | Lair:1   | Killed a one-headed hydra
 19117 | Lair:2   | Reached XP level 13. HP: 116/116 MP: 12/12
 19654 | Lair:3   | Found a staircase to the Swamp.
 21201 | Lair:5   | HP: 3/117 [blink frog (6)]
 21201 | Lair:5   | Slain by a yak

Illustrated notes

Levels and vault maps discovered:
D:1:      amcnicky_arrival_wind_blow, layout_basic, hangedman_feature_mirror
D:2:      layout_basic, lemuel_round_altar, overflow_temple_1_default,
          evilmike_ruin_ashenzari, uniq_natasha
D:3:      layout_basic, elyvilon_altar_3, hex_medium, chequers_avenue
D:4:      layout_gridville, serial_shops,
          nicolae_shop_temple_entry_statues_fountains,
          kennysheep_generic_room_14
D:5:      minmay_polygon_palace, layout_cave_pools, serial_shops, shop,
          minivault_11, st_stairs_9, led_xom_imps
D:6:      layout_layer_cave, fedhas_altar_4, eat_drink_and_be_merry_uskayaw,
          minmay_temple_entry_ruins, kennysheep_potato, uniq_eustachio
D:7:      layout_loops_ring, gammafunk_temple_overflow_pools, bloody_makhleb,
          amethyst_overflow_temple_binary, basic_altar
D:8:      layout_basic, old_standard_altar, lemuel_round_altar
D:9:      layout_cave_pools, uniq_harold
D:10:     layout_rooms
D:11:     gammafunk_jiyva_shrine, layout_basic, dpeg_oklobed_lair,
          gauntlet_entry_generic, guppyfry_shop_venom
D:12:     gammafunk_worm_tunnel, layout_basic, erik_orc_3
Lair:1:   layout_regular_city, infiniplex_staircase_pool_2, serial_bayou_shore_b
Lair:2:   layout_regular_city, spider_nest_entry_web_field, grunt_megastairs_5
Lair:3:   beast_lair_carwin_large_4, layout_gridlike,
          minmay_swamp_entry_reptiles, hangedman_lair_unloving_vines,
          grunt_megastairs_2
Lair:4:   layout_roguey, lemuel_fruit_tree
Lair:5:   beast_lair_carwin_large_3, layout_hall_layers,
          ebering_ghost_inner_flame, serial_bayou_ford_a

Skill      XL: |  1  2  3  4  5  6  7  8  9 10 11 12 13 |
---------------+----------------------------------------+-----
Axes           | 4 5 6 7 8 9 11 13 14 16 | 16.8
Fighting       | 4 5 6 8 9 10 11 | 11.8
Dodging        | 3 4 5 6 7 8 9 |  9.1
Armour         | 3 4 5 7 8 9 11 | 11.6
Shields        | 1 2 4 5 7 9 10 11 | 11.2

Action                   |  1- 3 |  4- 6 |  7- 9 | 10-12 | 13-15 || total
-------------------------+-------+-------+-------+-------+-------++-------
Melee: Hand axe          |    45 |   178 |   356 |    19 |    10 ||   608
       Headbutt          |     1 |    26 |    74 |    95 |    34 ||   230
       Broad axe         |       |       |    42 |   518 |   120 ||   680
Invok: Berserk           |     1 |     7 |     9 |    17 |     1 ||    35
       Trog's Hand       |       |       |     1 |     1 |       ||     2
       Brothers in Arms  |       |       |       |     1 |       ||     1
  Use: Scroll            |     4 |     3 |    13 |    17 |     2 ||    39
       Potion            |       |       |       |     6 |       ||     6
 Stab: Distracted        |       |       |     1 |       |       ||     1
       Petrified         |       |       |       |       |     3 ||     3
Armor: Animal skin       |     8 |     4 |       |       |       ||    12
       Chain mail        |       |    59 |   141 |    61 |       ||   261
       Plate armour      |       |       |       |   124 |    64 ||   188
Dodge: Dodged            |    49 |    66 |   103 |   131 |    41 ||   390
Block: Kite shield       |       |    15 |   178 |   483 |   116 ||   792
       Reflection        |       |       |     1 |    16 |       ||    17
